 Dungeon Crawl Stone Soup version 0.31-a0-667-g39726597b9 (webtiles) character file.

Game seed: 3466242746646407549

6534 Revguard the Basher (level 10, -23/102 HPs)
             Began as a Troll Berserker on Sept 4, 2023.
             Was an Elder of Trog.
             Annihilated by a white ugly thing (34 damage)
             ... on level 11 of the Dungeon.
             The game lasted 00:21:24 (8899 turns).

Revguard the Basher (Troll Berserker)               Turns: 8899, Time: 00:21:24

Health: -23/102    AC: 19    Str: 35    XL:     10   Next: 69%
Magic:  0/9        EV: 10    Int:  3    God:    Trog [****..]
Gold:   703        SH:  0    Dex:  9    Spells: 9/9 levels left

rFire   + . .        C - +0 morningstar (protect)
rCold   . . .        (no shield)
rNeg    . . .        E - +0 acid dragon scales
rPois   +            (helmet restricted)
rElec   .            w - +0 cloak {rPois}
rCorr   +            (gloves unavailable)
SInv    .            (boots unavailable)
Will    ++...        j - amulet of guardian spirit
Stlth   +            a - ring "Otasi" {rPois rF+}
HPRegen 2.17/turn    s - ring of resist corrosion
MPRegen 0.11/turn

%: guardian spirit
@: strong-willed, under a protective aura, regenerating
A: large, unfitting armour, claws 3, regeneration 1, shaggy fur 1, tough skin 1,
hooves 1, iridescent scales 1, strong 2
a: Renounce Religion, Berserk, Trog's Hand, Brothers in Arms


You were on level 11 of the Dungeon.
You worshipped Trog.
Trog was greatly pleased with you.
You visited 1 branch of the dungeon, and saw 11 of its levels.
You also visited: Bailey.

You collected 703 gold pieces.

Inventory:

Hand Weapons
 h - a +0 flail of flaming
 v - a +0 giant spiked club
 x - a +3 hammer
 C - a +0 morningstar of protection (weapon)
 D - a +0 great mace
Missiles
 c - 6 datura-tipped darts (quivered)
 f - 3 throwing nets
 o - 12 javelins
Armour
 w - a +0 cloak of poison resistance (worn)
 E - +0 acid dragon scales (worn)
Jewellery
 a - the ring "Otasi" (left claw) {rPois rF+}
   (You found it on level 6 of the Dungeon)

   [ring of poison resistance]

   rF+:       It protects you from fire.
   rPois:     It protects you from poison
 b - a ring of fire
 j - an amulet of guardian spirit (around neck)
 s - a ring of resist corrosion (right claw)
Wands
 e - a wand of iceblast (9)
 k - a wand of acid (16)
 m - a wand of flame (46)
Scrolls
 g - 2 scrolls of teleportation
 n - 3 scrolls of amnesia
 q - 7 scrolls of fog
 r - a scroll of vulnerability
 u - 2 scrolls of enchant armour
 y - a scroll of identify
Potions
 d - a potion of mutation
 i - a potion of resistance
 l - a potion of ambrosia
 p - 2 potions of brilliance
 t - 2 potions of haste
 z - a potion of invisibility
 A - 2 potions of enlightenment
 B - a potion of curing


   Skills:
 * Level 7.5 Fighting
 * Level 8.6 Maces & Flails
 - Level 3.2 Throwing
 + Level 5.1 Armour
 + Level 5.8 Dodging
 + Level 3.4 Evocations


You had 9 spell levels left.
You didn't know any spells.
Your spell library was empty.

Dungeon Overview and Level Annotations

Branches:
Dungeon (11/15)            Temple (0/1) D:6            Lair (0/5) D:8
    Orc (0/2) D:11         Bailey (visited)

Altars:
Dithmenos
Hepliaklqana
Kikubaaqudgha
Trog
Uskayaw
Vehumet
The Shining One

Shops:
D:4 *


Innate Abilities, Weirdness & Mutations

You are too large for most types of armour.
You have claws for hands.
Your natural rate of healing is unusually fast.
You are covered in fur. (AC +1)
You have tough skin. (AC +1)
You have large cloven feet.
You are partially covered in iridescent scales. (AC +2)
Your muscles are very strong. (Str +8, Int/Dex -2)


Message History

A white ugly thing comes into view.
Found 15 gold pieces.
Found a stone staircase leading down.
There is an open door here.
The white ugly thing tail-slaps you but does no damage.
You barely miss the white ugly thing. You kick the white ugly thing.
The white ugly thing is lightly wounded.
The white ugly thing tail-slaps you. The white ugly thing freezes you!!
You closely miss the white ugly thing.
The white ugly thing is lightly wounded.
The white ugly thing tail-slaps you but does no damage.
You barely miss the white ugly thing. Your kick misses the white ugly thing.
The white ugly thing is lightly wounded.
The white ugly thing tail-slaps you but does no damage.
You closely miss the white ugly thing.
The white ugly thing is lightly wounded.
The white ugly thing tail-slaps you. The white ugly thing freezes you!!
You impale the white ugly thing!!
Your weapon exudes an aura of protection.
The white ugly thing is moderately wounded.
The white ugly thing tail-slaps you. The white ugly thing freezes you!!
You impale the white ugly thing!!
You kick the white ugly thing, but do no damage.
The white ugly thing is heavily wounded.
The white ugly thing misses you.
You barely miss the white ugly thing.
The white ugly thing is heavily wounded.
The white ugly thing tail-slaps you!
* * * LOW HITPOINT WARNING * * *
The white ugly thing freezes you!!
* * * LOW HITPOINT WARNING * * *
Okay, then.
Okay, then.
Okay, then.
Your skin crawls.
You feel strong-willed. The white ugly thing tail-slaps you.
* * * LOW HITPOINT WARNING * * *
The white ugly thing freezes you!!
You die...

#######+## .........#
.........# .....$...#
.........# .........#
.>.......# .......@.+
......u..# #######'##
#.>.# #### ##.#####..#
#..##....####
#####.###.##..#.#
#.........##...####
#.........##......######


You could see a white ugly thing.

Vanquished Creatures
  A kobold demonologist (D:9)
  3 hornets
  A vampire (D:9)
  8 yaks
  2 shadows
  2 wyverns
  A steam dragon (D:10)
  An acid dragon (D:10)
  3 orc warriors
  2 ice beasts (D:6)
  2 ogres
  4 centaurs
  6 kobold brigands
  4 bullfrogs
  A gnoll sergeant (D:8)
  3 scorpions
  6 electric eels
  5 howler monkeys
  2 jellies (D:6)
  A hound (D:6)
  5 orc priests
  A sleepcap (D:5)
  Crazy Yiuf (D:5)
  A gnoll bouda (D:5)
  6 iguanas
  5 orc wizards
  Robin (D:3)
  6 adders
  9 gnolls
  2 shadow imps (D:8)
  2 ufetubi
  A worm (D:3)
  5 dart slugs
  41 orcs
  5 endoplasms
  4 giant cockroaches
  20 goblins
  5 hobgoblins
  A jackal (D:4)
  3 quokkas (D:1)
  4 ball pythons
  7 bats
  3 frilled lizards
  22 kobolds
  3 rats
221 creatures vanquished.

Vanquished Creatures (collateral kills)
  A kobold demonologist (D:9)
  5 kobold brigands
  A kobold (D:9)
7 creatures vanquished.

Vanquished Creatures (others)
  A human (D:8)
1 creature vanquished.

Grand Total: 229 creatures vanquished

Notes
Turn   | Place    | Note
-------+----------+-------------------------------------------
     0 | D:1      | Revguard the Troll Berserker began the quest for the Orb.
     0 | D:1      | Reached XP level 1. HP: 22/22 MP: 0/0
   103 | D:1      | Reached XP level 2. HP: 29/29 MP: 1/1
   379 | D:1      | Reached skill level 3 in Maces & Flails
  1213 | D:2      | Reached XP level 3. HP: 36/36 MP: 2/2
  1521 | D:2      | Reached ** piety under Trog
  2076 | D:3      | Noticed Robin
  2093 | D:3      | Killed Robin
  2094 | D:3      | Reached skill level 1 in Armour
  2094 | D:3      | Reached skill level 1 in Evocations
  2094 | D:3      | Reached XP level 4. HP: 44/44 MP: 3/3
  2369 | D:4      | Reached XP level 5. HP: 44/52 MP: 4/4
  2683 | D:4      | Reached *** piety under Trog
  2716 | D:4      | Reached skill level 4 in Maces & Flails
  2739 | D:4      | Found Offediuwk's Neck Hole.
  3013 | D:5      | Entered Level 5 of the Dungeon
  3050 | D:5      | Reached XP level 6. HP: 39/61 MP: 5/5
  3130 | D:5      | Reached skill level 1 in Throwing
  3452 | D:5      | Found a shadowy altar of Dithmenos.
  3525 | D:5      | Reached XP level 7. HP: 64/67 MP: 6/6
  3554 | D:5      | Found a hazy altar of Hepliaklqana.
  3611 | D:5      | Found a runed translucent door.
  3612 | D:5      | Noticed Crazy Yiuf
  3619 | D:5      | Killed Crazy Yiuf
  3971 | D:5      | Gained mutation: You occasionally lose the ability to read
                  | scrolls when taking damage. [potion of mutation]
  3971 | D:5      | Gained mutation: You sometimes lose the ability to read
                  | scrolls when taking damage. [potion of mutation]
  3971 | D:5      | Gained mutation: You are agile. (Dex +4, Str/Int -1)
                  | [potion of mutation]
  3972 | D:5      | Lost mutation: You sometimes lose the ability to read
                  | scrolls when taking damage. [potion of mutation]
  3972 | D:5      | Lost mutation: You are agile. (Dex +4, Str/Int -1) [potion
                  | of mutation]
  3972 | D:5      | Gained mutation: You have large cloven feet. [potion of
                  | mutation]
  3972 | D:5      | Gained mutation: You are partially covered in iridescent
                  | scales. (AC +2) [potion of mutation]
  3972 | D:5      | Gained mutation: You are agile. (Dex +4, Str/Int -1)
                  | [potion of mutation]
  4059 | D:6      | Identified the ring "Otasi" {rPois rF+}
  4080 | D:6      | Found a staircase to the Ecumenical Temple.
  4096 | D:6      | Reached skill level 5 in Maces & Flails
  4490 | D:6      | Reached XP level 8. HP: 77/79 MP: 7/7
  4542 | D:6      | Found a radiant altar of Vehumet.
  4553 | D:6      | Lost mutation: You are partially covered in iridescent
                  | scales. (AC +2) [potion of mutation]
  4553 | D:6      | Lost mutation: You are agile. (Dex +4, Str/Int -1) [potion
                  | of mutation]
  4553 | D:6      | Gained mutation: Your flesh is cold resistant. (rC+)
                  | [potion of mutation]
  4553 | D:6      | Gained mutation: You are strong-willed. (Will+) [potion of
                  | mutation]
  4554 | D:6      | Lost mutation: You occasionally lose the ability to read
                  | scrolls when taking damage. [potion of mutation]
  4554 | D:6      | Lost mutation: Your flesh is cold resistant. (rC+) [potion
                  | of mutation]
  4554 | D:6      | Lost mutation: You are strong-willed. (Will+) [potion of
                  | mutation]
  4554 | D:6      | Gained mutation: Your muscles are strong. (Str +4, Int/Dex
                  | -1) [potion of mutation]
  4554 | D:6      | Gained mutation: You are partially covered in iridescent
                  | scales. (AC +2) [potion of mutation]
  4554 | D:6      | Gained mutation: Your muscles are very strong. (Str +8,
                  | Int/Dex -2) [potion of mutation]
  4995 | D:7      | Noticed a hornet
  5015 | D:7      | Killed a hornet
  5016 | D:7      | Reached skill level 6 in Maces & Flails
  5191 | D:7      | Reached skill level 5 in Fighting
  5773 | D:8      | Reached XP level 9. HP: 73/88 MP: 5/8
  6040 | D:8      | Found a bloodstained altar of Trog.
  6081 | D:8      | Found a flagged portal.
  6107 | Bailey   | Entered a bailey
  6138 | Bailey   | Reached skill level 7 in Maces & Flails
  6303 | Bailey   | Reached skill level 5 in Dodging
  6311 | Bailey   | Found a bloodstained altar of Trog.
  6392 | D:8      | Found a hide-covered altar of Uskayaw.
  6455 | D:8      | Found an ancient bone altar of Kikubaaqudgha.
  6518 | D:8      | Found a staircase to the Lair.
  6591 | D:8      | Paralysed by a hornet for 1 turns
  6594 | D:8      | Paralysed by a hornet for 3 turns
  6804 | D:8      | Reached XP level 10. HP: 98/100 MP: 7/9
  6953 | D:8      | Reached **** piety under Trog
  7156 | D:9      | Found a glowing golden altar of the Shining One.
  7252 | D:9      | Reached skill level 8 in Maces & Flails
  7970 | D:10     | Entered Level 10 of the Dungeon
  8249 | D:10     | Reached skill level 5 in Armour
  8830 | D:11     | Found a staircase to the Orcish Mines.
  8888 | D:11     | Noticed a white ugly thing
  8899 | D:11     | Annihilated by a white ugly thing

Illustrated notes

Levels and vault maps discovered:
D:1:      spicycebolla_arrival_ecumenical, layout_loops_ring
D:2:      layout_basic
D:3:      layout_loops_cross, uniq_robin
D:4:      layout_loops_cross, serial_bayou, serial_bayou_lagoon_a,
          serial_bayou_pond_b, serial_bayou_pond_e, serial_bayou_lagoon_b,
          nicolae_shop_sticking_my_neck_out
D:5:      layout_basic, mainiacjoe_overflow_alcove_1, lemuel_crystal_altar,
          uniq_crazy_yiuf_cottage
D:6:      layout_loops_corners, mainiacjoe_overflow_24_doors,
          minmay_temple_entry_statues
D:7:      wad_lake_hut, layout_basic
D:8:      layout_basic, eat_drink_and_be_merry_uskayaw,
          trog_three_pillars_becter, tgw_kikubaaqudgha, enter_bailey_3
D:9:      layout_grid_maze, mainiacjoe_overflow_paths
D:10:     layout_basic, minmay_fountain_box
D:11:     layout_roguey, hiddenorc1_lemuel

Skill      XL: |  1  2  3  4  5  6  7  8  9 10 |
---------------+-------------------------------+-----
Maces & Flails | 3 4 5 6 7 8 |  8.6
Armour         | 1 2 3 4 5 |  5.1
Evocations     | 1 2 3 |  3.4
Fighting       | 3 4 5 6 7 |  7.5
Dodging        | 3 4 5 |  5.8
Throwing       | 1 2 3 |  3.2

Action                     |  1- 3 |  4- 6 |  7- 9 | 10-12 || total
---------------------------+-------+-------+-------+-------++-------
  Melee: Mace              |    77 |       |       |       ||    77
         Punch             |     4 |       |       |       ||     4
         Flail             |    83 |   124 |    69 |    97 ||   373
         Giant club        |       |    32 |    11 |       ||    43
         Giant spiked club |       |       |   198 |       ||   198
         Kick              |       |       |    67 |    42 ||   109
         Morningstar       |       |       |       |    80 ||    80
  Throw: Dart              |       |       |     1 |     4 ||     5
 Invoke: Trog's Hand       |     1 |     1 |     5 |     2 ||     9
         Berserk           |     1 |     1 |     3 |     1 ||     6
  Evoke: Wand              |       |       |     4 |     1 ||     5
    Use: Scroll            |       |     7 |     9 |     1 ||    17
         Potion            |       |       |     9 |     1 ||    10
   Stab: Sleeping          |     1 |       |       |       ||     1
 Armour: Animal skin       |   141 |   139 |   387 |   111 ||   778
         Acid dragon scale |       |       |       |    70 ||    70
  Dodge: Dodged            |   106 |   129 |   288 |   124 ||   647

Table legend: (Time is in decaauts)
 A = Elapsed time spent in this place.
 B = Non-inter-level travel time spent in this place.
 C = Inter-level travel time spent in this place.
 D = Time resting spent in this place.
 E = Time spent auto-exploring this place.
 F = Levels seen in this place.
 G = Mean time per level.
                   A        B        C        D        E       F      G
               +--------+--------+--------+--------+--------+-----+--------+
         Total |   9127 |   8661 |    466 |    226 |   6281 |  12 |  760.6 |
       Dungeon |   8871 |   8405 |    466 |    188 |   6281 |  11 |  806.5 |
        Bailey |    256 |    256 |      0 |     38 |      0 |   1 |  256.0 |
               +--------+--------+--------+--------+--------+-----+--------+

Top non-repeatable levels by time:
     D:8: 1226 daAuts
     D:5: 1012 daAuts
     D:1: 981 daAuts
     D:6: 900 daAuts
     D:7: 858 daAuts
     D:9: 857 daAuts
     D:2: 790 daAuts
    D:10: 784 daAuts
     D:4: 682 daAuts
     D:3: 627 daAuts
  Bailey: 256 daAuts
    D:11: 148 daAuts
